 Dungeon Crawl Stone Soup version 0.29.1-15-g9cfb28693d (webtiles) character file.

Game seed: 12579895234274965490

603 octoduck the Conjurer (level 7, -1/36 HPs)
             Began as a Deep Elf Conjurer on Mar 22, 2024.
             Was an Initiate of Vehumet.
             Slain by an iguana (13 damage)
             ... on level 5 of the Dungeon.
             The game lasted 00:11:33 (5199 turns).

octoduck the Conjurer (Deep Elf Conjurer)           Turns: 5199, Time: 00:11:33

Health: -1/36      AC:  3    Str:  4    XL:     7   Next: 18%
Magic:  5/13       EV: 13    Int: 25    God:    Vehumet [......]
Gold:   240        SH:  0    Dex: 19    Spells: 5/12 levels left

rFire   . . .      SeeInvis .   s - +0 dagger (pain)
rCold   . . .      Faith    .   (no shield)
rNeg    . . .      Spirit   .   a - +1 robe
rPois   .          Reflect  .   (no helmet)
rElec   .          Harm     .   (no cloak)
rCorr   .          Rampage  .   (no gloves)
Will    .....                   (no boots)
Stlth   +++.......              (no amulet)
HPRegen 0.12/turn               k - +6 ring of dexterity
MPRegen 0.13/turn               (no ring)

@: no status effects
A: no striking features
a: Renounce Religion


You were on level 5 of the Dungeon.
You worshipped Vehumet.
Vehumet was noncommittal.
You visited 2 branches of the dungeon, and saw 7 of its levels.

You collected 240 gold pieces.

Inventory:

Hand Weapons
 f - a +3 falchion
 s - a +0 dagger of pain (weapon)
Armour
 a - a +1 robe (worn)
Magical Staves
 r - a staff of death
Jewellery
 k - a +6 ring of dexterity (left hand)
Scrolls
 c - 2 scrolls of enchant armour
 e - a scroll of blinking {unknown}
 g - 2 scrolls of magic mapping {unknown}
 n - 2 scrolls of fear {unknown}
 o - a scroll of summoning
Potions
 b - a potion of magic
 d - 2 potions of mutation
 h - a potion of curing {unknown}
 i - a potion of haste
 j - 2 potions of attraction
 l - 2 potions of invisibility {unknown}
 m - a potion of lignification {unknown}
 p - a potion of brilliance {unknown}


   Skills:
 - Level 2.4 Dodging
 - Level 5.2 Stealth
 - Level 3.0 Spellcasting
 + Level 7.7 Conjurations
 + Level 4.6 Hexes


You had 5 spell levels left.
You knew the following spells:

 Your Spells              Type           Power      Damage    Failure   Level
a - Magic Dart            Conj           100%       1d8       1%          1
b - Searing Ray           Conj           84%        2d7       1%          2
c - Fulminant Prism       Conj/Hex       17%        3d11      8%          4

Your spell library contained the following spells:

 Spells                   Type           Power      Damage    Failure   Level
 Dazzling Flash           Conj/Hex       68%        N/A       2%          3
 Iskenderun's Mystic Bla  Conj/Tloc      23%        2d6       21%         4


Dungeon Overview and Level Annotations

Branches:
Dungeon (6/15)             Temple (1/1) D:4

Altars:
Cheibriados
Dithmenos
Elyvilon
Gozag
Hepliaklqana
Makhleb
Nemelex Xobeh
Okawaru
Qazlal
Ru
Sif Muna
Trog
Vehumet
Wu Jian
Xom
Yredelemnul
Zin
The Shining One

Shops:
D:2 (

Annotations:
D:4 exclusion: phantom
Temple 2 transporters


Message History

The searing ray hits the orc!
You kill the orc!
Vehumet accepts your kill.
The searing ray hits the gnoll!
The gnoll is almost dead.
The searing ray hits the jackal!
You kill the jackal!
Vehumet accepts your kill. (Press . to maintain the ray.)
The searing ray hits the iguana.
The iguana is moderately wounded.
The iguana barely misses you.
Unknown command.
The searing ray misses the iguana.
The searing ray hits the gnoll!
You kill the gnoll!
Vehumet accepts your kill. The iguana barely misses you.
Unknown command.
The searing ray hits the iguana.
The iguana is severely wounded.
The searing ray hits the adder!
The adder is almost dead.
You finish channelling your searing ray.
The iguana bites you!
Casting: Searing Ray (safe; 1% risk of failure)
Confirm with . or Enter, or press ? or * to list all spells.
Aiming: Searing Ray (safe; 1% risk of failure)
Press: ? - help, Shift-Dir - straight line, f - adder
Aim: an adder (almost dead, 70% to hit)
The searing ray misses the iguana.
The searing ray hits the adder!
You kill the adder!
Vehumet accepts your kill. (Press . to maintain the ray.)
The iguana bites you!
The searing ray hits the iguana.
The iguana is almost dead.
The searing ray hits the scorpion.
The scorpion is moderately wounded.
The iguana bites you!
You die...

####..#..#..#####
#..
.....#..#...)..#
...
......#..#......#
#.# #.. ##
..#####..#####..#
#.. ... ..
......#..#......#
#.# ## ##
W.....#..#.....)#
..# # ..
####..#S.#..#####
#.# ##
#..#..#..#sl.#
#.#
#..#..#.@#.8.#
#.# +.
#..#..l)).# #.#
##########
#..######## #.#
...##...# ##..#.#
#.#
##.##...###..##.#
#O#
................#
#.#
##.##...#########
#.# #รท.##...#
#.# .#.#..#.# ###
#.#


You could see an iguana.

Vanquished Creatures
  Menkaure (D:4)
  A phantom (D:5)
  A bullfrog (D:5)
  A scorpion (D:5)
  An orc priest (D:6)
  2 orc wizards
  A gnoll (D:5)
  6 adders
  2 white imps (D:5)
  A worm (D:5)
  13 orcs
  4 endoplasms
  4 giant cockroaches
  5 goblins
  5 hobgoblins
  3 jackals
  2 quokkas
  3 ball pythons
  2 bats
  A frilled lizard (D:1)
  6 kobolds
  3 rats
68 creatures vanquished.

Vanquished Creatures (collateral kills)
  A gnoll sergeant (D:5)
1 creature vanquished.

Grand Total: 69 creatures vanquished

Notes
Turn   | Place    | Note
-------+----------+-------------------------------------------
     0 | D:1      | octoduck the Deep Elf Conjurer began the quest for the Orb.
     0 | D:1      | Reached XP level 1. HP: 10/10 MP: 6/6
   369 | D:1      | Reached XP level 2. HP: 15/15 MP: 6/8
   373 | D:1      | Learned a level 2 spell: Searing Ray
   489 | D:1      | Reached skill level 5 in Conjurations
  1137 | D:2      | Found Botzaikk's Weapon Boutique.
  1178 | D:2      | Found a faded altar of an unknown god.
  1987 | D:3      | Reached XP level 3. HP: 19/19 MP: 7/9
  2046 | D:3      | Found a stormy altar of Qazlal.
  2852 | D:4      | Noticed a phantom
  2864 | D:4      | Found a staircase to the Ecumenical Temple.
  2873 | Temple   | Entered the Ecumenical Temple
  2873 | Temple   | Found a transporter.
  2873 | Temple   | Found a transporter.
  2875 | Temple   | Found a transporter.
  2875 | Temple   | Found a transporter.
  2894 | Temple   | Became a worshipper of Vehumet
  3027 | D:4      | Noticed Menkaure
  3116 | D:4      | Reached skill level 6 in Conjurations
  3141 | D:4      | Killed Menkaure
  3142 | D:4      | Reached XP level 4. HP: 24/24 MP: 4/10
  3142 | D:4      | Reached XP level 5. HP: 28/28 MP: 4/11
  3430 | D:4      | Reached skill level 7 in Conjurations
  4006 | D:4      | Learned a level 4 spell: Fulminant Prism
  4007 | D:5      | Entered Level 5 of the Dungeon
  4145 | D:5      | Reached skill level 1 in Hexes
  4153 | D:5      | Reached XP level 6. HP: 32/32 MP: 4/12
  4536 | D:5      | Noticed a two-headed ogre
  4767 | D:5      | Noticed a two-headed ogre
  4819 | D:6      | Reached skill level 5 in Stealth
  4820 | D:6      | Reached XP level 7. HP: 13/36 MP: 7/13
  5199 | D:5      | Slain by an iguana

Illustrated notes

Levels and vault maps discovered:
D:1:      onia_arrival_mini_maze, layout_rooms
D:2:      layout_basic, serial_shops, nicolae_shop_crystal,
          ebering_ecumenical_altar_petrified
D:3:      layout_basic, mainiacjoe_overflow_alcove_1
D:4:      layout_basic, minmay_temple_entry_antechambers, minivault_27,
          uniq_menkaure
D:5:      kennysheep_windowed_halls, layout_loops_ring
D:6:      layout_loops_cross
Temple:   hellmonk_temple_divided_pantheon

Skill      XL: |  1  2  3  4  5  6 |
---------------+-------------------+-----
Conjurations   | 5 6 7 |  7.7
Stealth        | 3 4 5 |  5.2
Hexes          | 2 4 |  4.6
Dodging        | |  2.4
Spellcasting   | |  3.0

Action                   |  1- 3 |  4- 6 |  7- 9 || total
-------------------------+-------+-------+-------++-------
 Cast: Magic Dart        |    68 |    50 |     1 ||   119
       Searing Ray       |     2 |     5 |     3 ||    10
  Use: Scroll            |     5 |     2 |     1 ||     8
Armor: Robe              |       |     2 |     1 ||     3
Dodge: Dodged            |       |    17 |     8 ||    25
